 Dungeon Crawl Stone Soup version 0.31.0-11-ge490571c62 (webtiles) character file.

Game seed: 6212211705108148858

219 qw the Shooter (level 5, 0/26 HPs)
             Began as a Spriggan Hunter on Feb 3, 2024.
             Succumbed to a scorpion's poison
             ... on level 4 of the Dungeon.
             The game lasted 00:00:08 (1930 turns).

qw the Shooter (Spriggan Hunter)                    Turns: 1930, Time: 00:00:08

Health: 0/26       AC:  4    Str:  7    XL:     5   Next: 63%
Magic:  6/6        EV: 21    Int: 10    God:
Gold:   125        SH:  0    Dex: 21    Spells: 4/4 levels left

rFire   . . .        a - +3 shortbow
rCold   + . .        (shield currently unavailable)
rNeg    . . .        g - +2 robe {rC+}
rPois   .            (helmet restricted)
rElec   .            (no cloak)
rCorr   .            (gloves unavailable)
SInv    +            (boots unavailable)
Will    .....        (no amulet)
Stlth   ++           (no ring)
HPRegen 0.24/turn    (no ring)
MPRegen 0.10/turn

%: no passive effects
@: lethally poisoned (0 -> -4), very quick
A: very small, no large weapons, unfitting armour, see invisible, speed 3
a: no special abilities


You were on level 4 of the Dungeon.
You visited 1 branch of the dungeon, and saw 4 of its levels.

You collected 125 gold pieces.


Innate Abilities, Weirdness & Mutations

You are very small and have problems with some larger weapons.
You are too small for most types of armour.
You have supernaturally acute eyesight. (SInv)
You cover ground extremely quickly. (Speed+++)


   Skills:
 - Level 2.0 Fighting
 + Level 5.7 Ranged Weapons
 - Level 5.4 Dodging
 - Level 1.5 Stealth


You had 4 spell levels left.
You didn't know any spells.
Your spell library was empty.

Inventory:

Hand Weapons
 a - a +3 shortbow (weapon)
Armour
 g - a +2 robe of cold resistance (worn)
Scrolls
 i - a scroll of enchant armour
Potions
 b - 2 potions of haste
 d - a potion of heal wounds {unknown}
 e - a potion of attraction {unknown}
 f - a potion of brilliance {unknown}
 h - a potion of lignification {unknown}
 j - a potion of invisibility {unknown}

Dungeon Overview and Level Annotations

Branches:
Dungeon (4/15)
 Temple: D:4-7

Altars:
Hepliaklqana
The Shining One


Message History

Enter note:
Enter note: You shoot an arrow.
The arrow hits the scorpion.
The scorpion is lightly wounded.
You shoot an arrow.
The arrow hits the scorpion but does no damage.
The scorpion is lightly wounded.
You shoot an arrow. The arrow closely misses the scorpion.
The scorpion stings you.
You shoot an arrow. The arrow closely misses the scorpion.
The scorpion closely misses you. The scorpion stings you.
You shoot an arrow. The arrow hits the scorpion!
The scorpion is severely wounded.
The scorpion completely misses you.
You shoot an arrow. The arrow barely misses the scorpion.
The scorpion completely misses you.
You shoot an arrow. The arrow closely misses the scorpion.
The scorpion stings you.
You are poisoned.
The scorpion poisons you! The scorpion stings you.
You are lethally poisoned!
The scorpion poisons you!
You shoot an arrow.
The arrow hits the scorpion but does no damage.
The scorpion is severely wounded.
You feel very sick. The scorpion closely misses you.
You shoot an arrow. The arrow hits the scorpion!
You kill the scorpion!
You feel very sick.
There is a lethal amount of poison in your body!
You feel sick.
There is a lethal amount of poison in your body!
You feel sick.
There is a lethal amount of poison in your body!
You feel sick.
There is a lethal amount of poison in your body!
You feel sick.
There is a lethal amount of poison in your body!
You die...

.................
.........#......#
.....~~~7~# ...#
7~~~~~~~PP7#..#
~~~~~~~PP~~~#
~~~~~~~~~~~.### .
PP~~~~P~7~#...#### ...
~~~~~~77##...#...##.....
~~~7#####......#@.......
77~# ##.......####.....
### ##.........# ##..
##...........#
#............#
#............#
#........#####
##########


There were no monsters in sight!

Vanquished Creatures
  A scorpion (D:4)
  A hound (D:3)
  Jessica (D:3)
  Terence (D:2)
  2 adders
  2 dart slugs
  8 orcs
  4 ball pythons
  2 bats (D:1)
  5 endoplasms
  2 giant cockroaches
  6 goblins
  4 hobgoblins
  3 quokkas
  2 frilled lizards
  2 kobolds
  5 rats
51 creatures vanquished.

Notes
Turn   | Place    | Note
-------+----------+-------------------------------------------
     0 | D:1      | qw the Spriggan Hunter began the quest for the Orb.
     0 | D:1      | Reached XP level 1. HP: 10/10 MP: 2/2
     0 | D:1      | 0 ||| qw: Version: 0.3-a-158-g18b3111
     0 | D:1      | 0 ||| qw: Game counter: 4080
     0 | D:1      | 0 ||| qw: Melee chars always use a shield: true
     0 | D:1      | 0 ||| qw: God list: Okawaru
     0 | D:1      | 0 ||| qw: Allow faded altars: false
     0 | D:1      | 0 ||| qw: Do Orc after clearing Dungeon:15 true
     0 | D:1      | 0 ||| qw: Do second Lair branch before Depths: true
     0 | D:1      | 0 ||| qw: Lair rune preference: random
     0 | D:1      | 0 ||| qw: Goals: Normal
     0 | D:1      | 0 ||| PLANNING D:1-11
   146 | D:1      | Reached skill level 3 in Dodging
   288 | D:1      | Reached XP level 2. HP: 14/14 MP: 3/3
   653 | D:1      | 653 ||| READING scroll labelled URAETTI COSUQI.
   653 | D:1      | Found a hazy altar of Hepliaklqana.
   654 | D:1      | 654 ||| DROPPING scroll of butterflies.
   838 | D:2      | Found a faded altar of an unknown god.
   880 | D:2      | Reached XP level 3. HP: 18/18 MP: 4/4
   917 | D:2      | Noticed Terence
   933 | D:2      | HP: 2/18 [Terence/+0 flail (9)]
   940 | D:2      | Killed Terence
   941 | D:2      | Reached XP level 4. HP: 5/22 MP: 5/5
  1194 | D:2      | 1194 ||| READING scroll labelled WOURPH XAOCA.
  1194 | D:2      | 1194 ||| ENCHANTING +0 shortbow.
  1195 | D:2      | 1195 ||| READING scroll labelled HEATTEU RIYR MAY.
  1195 | D:2      | 1195 ||| ENCHANTING +0 shortbow.
  1196 | D:2      | 1196 ||| READING scroll labelled ICINOV YQUMAIM.
  1197 | D:2      | 1197 ||| READING scroll labelled KAUNIO JASHISK.
  1197 | D:2      | 1197 ||| IDENTIFYING red potion
  1222 | D:3      | Found a glowing golden altar of the Shining One.
  1225 | D:3      | Noticed Jessica
  1229 | D:3      | Killed Jessica
  1245 | D:3      | 1245 ||| READING scroll of enchant weapon.
  1245 | D:3      | 1245 ||| ENCHANTING +1 shortbow.
  1261 | D:3      | 1261 ||| DROPPING +0 heavy sling.
  1310 | D:3      | 1310 ||| READING scroll of enchant weapon.
  1310 | D:3      | 1310 ||| ENCHANTING +2 shortbow.
  1402 | D:3      | Reached XP level 5. HP: 26/26 MP: 6/6
  1853 | D:3      | 1853 ||| UPGRADING to +2 robe of cold resistance.
  1863 | D:3      | 1863 ||| DROPPING +0 robe.
  1864 | D:3      | 1864 ||| READING scroll labelled SUS UJEETAZXE.
  1926 | D:4      | HP: 5/26 [poisoned by a scorpion]
  1928 | D:4      | HP: 2/26 [poisoned by a scorpion]
  1930 | D:4      | Succumbed to a scorpion's poison

Levels and vault maps discovered:
D:1:      sevenhm_arrival_forest_fort_small_6, layout_loops_cross
D:2:      layout_basic, shapermc_ecumenical_altar_starsandcircs,
          kennysheep_flooded_box, mrwooster_statue_mirror,
          minmay_gold_behind_fungi, chequers_mini_garden, uniq_terence
D:3:      layout_loops_ring, mainiacjoe_overflow_tiny_flanked,
          minmay_misc_feat_room, uniq_jessica
D:4:      layout_cave_pods, lemuel_doored_altar, lemuel_coloured_pillars_altar,
          minmay_temple_entry_trees, serial_bayou, serial_bayou_ford_a,
          serial_bayou_pond_c, serial_bayou_shore_b, serial_bayou_lagoon_a,
          gammafunk_ghost_grave, uniq_pikel

Skill      XL: |  1  2  3  4  5 |
---------------+----------------+-----
Dodging        | 3 4 5 |  5.4
Ranged Weapons | 5 |  5.7
Fighting       | 2 |  2.0
Stealth        | |  1.5

Action                     |  1- 3 |  4- 6 || total
---------------------------+-------+-------++-------
   Fire: Shortbow          |   113 |    70 ||   183
    Use: Scroll            |     1 |     7 ||     8
 Armour: Robe              |    12 |    15 ||    27
  Dodge: Dodged            |    36 |    26 ||    62

Table legend:
 A = Non-vault XP
 B = Vault XP
 C = Vault XP percentage of total XP
 D = Non-vault monster count
 E = Vault monster count
 F = Vault count percentage of total count
                 A         B        C        D         E       F
            +---------+---------+-------+---------+---------+-------
      Total |     240 |      73 |  23.3 |      49 |       2 |   3.9
            +---------+---------+-------+---------+---------+-------
        D:1 |      31 |       0 |   0.0 |      17 |       0 |   0.0
        D:2 |      36 |      36 |  50.0 |      13 |       1 |   7.1
        D:3 |      91 |      37 |  28.9 |      17 |       1 |   5.6
        D:4 |      82 |       0 |   0.0 |       2 |       0 |   0.0
            +---------+---------+-------+---------+---------+-------
